 Dungeon Crawl Stone Soup version 0.31-a0-216-g22e908daa7 (webtiles) character file.

Game seed: 16266141952832912784

161 qw the Shield-Bearer (level 5, -5/32 HPs)
             Began as a Gargoyle Fighter on July 2, 2023.
             Killed by an exploding dream sheep (37 damage)
             ... ignited by their inner flame
             ... on level 3 of the Dungeon.
             The game lasted 00:01:17 (2775 turns).

qw the Shield-Bearer (Gargoyle Fighter)             Turns: 2775, Time: 00:01:17

Health: -5/32      AC: 13    Str: 22    XL:     5   Next: 42%
Magic:  5/5        EV:  7    Int: 15    God:
Gold:   119        SH:  8    Dex:  9    Spells: 4/4 levels left

rFire   . . .        Y - +0 war axe
rCold   . . .        b - +0 kite shield of Eris Kal Ari {Int+7}
rNeg    + . .        l - +0 chain mail
rPois   inf          (no helmet)
rElec   +            (no cloak)
rCorr   .            (no gloves)
SInv    .            (no boots)
Will    .....        (no amulet) Stlth
                     (no ring)
HPRegen 0.25/turn    (no ring)
MPRegen 0.09/turn

%: no passive effects
@: no status effects
A: sickness immunity, AC +4, negative energy resistance 1, electricity
resistance, torment resistance 1, petrification resistance
a: no special abilities


You were on level 3 of the Dungeon.
You visited 1 branch of the dungeon, and saw 3 of its levels.

You collected 119 gold pieces.


Innate Abilities, Weirdness & Mutations

You are immune to sickness and miasma.
Your stone body is resilient. (AC +4)
You are immune to poison.
You resist negative energy. (rN+)
You are resistant to electric shocks. (rElec)
You are resistant to unholy torment.
You are immune to petrification.


   Skills:
 - Level 3.2 Fighting
 - Level 4.1 Axes
 - Level 3.2 Armour
 + Level 4.7 Shields


You had 4 spell levels left.
You didn't know any spells.
Your spell library was empty.

Inventory:

Hand Weapons
 a - a +0 whip
 Y - a +0 war axe (weapon)
Armour
 b - the +0 kite shield of Eris Kal Ari (worn) {Int+7}
   (You acquired it on level 1 of the Dungeon)

   Int:       It affects your intelligence (+7).
 h - a +1 helmet of see invisible
 l - a +0 chain mail (worn)
Scrolls
 i - 2 scrolls of teleportation
 k - a scroll of identify {unknown}
Potions
 c - a potion of mutation {unknown}
 d - a potion of might
 e - a potion of lignification {unknown}
 f - 3 potions of heal wounds {unknown}
 g - 3 potions of cancellation
 j - a potion of curing {unknown}

Dungeon Overview and Level Annotations

Branches:
Dungeon (3/15)

Altars:
Xom

Shops:
D:1 =


Message History

You block the hobgoblin's attack.
You closely miss the hobgoblin.
The hobgoblin hits you but does no damage.
The hobgoblin closely misses you.
You slash the hobgoblin!
You kill the hobgoblin!
You open the door.
The walls suddenly crumble! 5 dream sheep come into view.
A dream sheep catches fire!
The dream sheep bleats in terror.
A dream sheep catches fire!
The dream sheep bleats in terror.
A dream sheep catches fire!
The dream sheep bleats in terror.
A dream sheep catches fire!
The dream sheep is struck with panic!
A dream sheep catches fire!
The dream sheep bleats in terror.
You hear mad divine giggling.
Found a shimmering altar of Xom.
Enter note:
Enter note:
Enter note:
Enter note: The dream sheep burns! x5
Enter note:
Enter note:
Enter note:
Enter note: You completely miss the dream sheep.
The dream sheep is moderately wounded.
The dream sheep bleats! x5
You hit the dream sheep.
Flame seeps out of the dream sheep.
Your attack snaps the dream sheep out of its fear.
The dream sheep burns! x10
The dream sheep is engulfed in blazing flames.
The dream sheep explodes!
The fiery explosion engulfs you!!!
Ouch! That really hurt!
You die...

#.#
########.########
.................
#####.........#.
#.........#
#..Y....Y.#
#....Y....#
########..¤¤.....###
..........¤0@..Y....
######....¤¤.....#.#
##............#
##############


You could see 4 dream sheep.

Vanquished Creatures
  An orc priest (D:3)
  2 orc wizards (D:3)
  An adder (D:1)
  2 dart slugs (D:1)
  7 orcs (D:3)
  5 endoplasms
  3 giant cockroaches
  9 hobgoblins
  3 kobolds
  3 quokkas
  7 ball pythons
  6 bats
  2 frilled lizards
  4 goblins
  4 rats (D:1)
59 creatures vanquished.

Vanquished Creatures (others)
  A dream sheep (D:3)
1 creature vanquished.

Grand Total: 60 creatures vanquished

Notes
Turn   | Place    | Note
-------+----------+-------------------------------------------
     0 | D:1      | qw the Gargoyle Fighter began the quest for the Orb.
     0 | D:1      | Reached XP level 1. HP: 14/14 MP: 1/1
     0 | D:1      | 0 ||| qw: Version: 0.3-a-37-gdb0280a
     0 | D:1      | 0 ||| qw: Game counter: 7867
     0 | D:1      | 0 ||| qw: Melee chars always use a shield: true
     0 | D:1      | 0 ||| qw: God list: Okawaru
     0 | D:1      | 0 ||| qw: Allow faded altars: false
     0 | D:1      | 0 ||| qw: Do Orc after clearing Dungeon:15 true
     0 | D:1      | 0 ||| qw: Do second Lair branch before Depths: true
     0 | D:1      | 0 ||| qw: Lair rune preference: random
     0 | D:1      | 0 ||| qw: Goals: Normal, Zot:1-4, Slime:5, God:TSO, Crypt,
                  | Tomb, Abyss, Pan, Hells, Win
     0 | D:1      | 0 ||| PLANNING D:1-11
    15 | D:1      | You fall into a shaft and drop 1 floor!
    18 | D:2      | 18 ||| FLEEEEING.
    20 | D:2      | 20 ||| FLEEEEING.
    21 | D:2      | 21 ||| STAIRDANCE
    28 | D:1      | Reached XP level 2. HP: 19/19 MP: 2/2
   227 | D:2      | Reached skill level 3 in Axes
   228 | D:2      | 228 ||| READING scroll labelled KUTEAM ZERAIHO.
   231 | D:2      | 231 ||| READING 2 scrolls labelled INEJI ECRAXO.
   332 | D:2      | 332 ||| READING 2 scrolls labelled WYDGHUCUIMO.
   333 | D:2      | 333 ||| READING scroll labelled COUK GIKKU.
   334 | D:2      | 334 ||| DROPPING scroll of silence.
   335 | D:2      | 335 ||| DROPPING scroll of immolation.
   431 | D:2      | Reached XP level 3. HP: 23/23 MP: 3/3
   662 | D:2      | 662 ||| STAIRDANCE
   670 | D:2      | 670 ||| STAIRDANCE
   674 | D:2      | 674 ||| STAIRDANCE
   678 | D:2      | 678 ||| STAIRDANCE
   682 | D:2      | 682 ||| STAIRDANCE
   686 | D:2      | 686 ||| STAIRDANCE
   690 | D:2      | 690 ||| STAIRDANCE
   694 | D:2      | 694 ||| STAIRDANCE
   698 | D:2      | 698 ||| STAIRDANCE
   702 | D:2      | 702 ||| STAIRDANCE
   706 | D:2      | 706 ||| STAIRDANCE
   710 | D:2      | 710 ||| STAIRDANCE
   714 | D:2      | 714 ||| STAIRDANCE
   718 | D:2      | 718 ||| STAIRDANCE
   722 | D:2      | 722 ||| STAIRDANCE
   726 | D:2      | 726 ||| STAIRDANCE
   730 | D:2      | 730 ||| STAIRDANCE
   734 | D:2      | 734 ||| STAIRDANCE
   738 | D:2      | 738 ||| STAIRDANCE
  1092 | D:1      | 1092 ||| Stepping ~*~*~tactically~*~*~ (stealth).
  1285 | D:1      | 1285 ||| Stepping ~*~*~tactically~*~*~ (hiding).
  1491 | D:1      | Found Ycyihyas's Jewellery Emporium.
  1506 | D:1      | 1506 ||| SHOPLISTING +4 ring of protection (468 gold, have
                  | 100).
  1506 | D:1      | 1506 ||| SHOPLISTING +6 ring of strength (468 gold, have
                  | 100).
  1506 | D:1      | 1506 ||| SHOPLISTING amulet of reflection (390 gold, have
                  | 100).
  1506 | D:1      | 1506 ||| SHOPLISTING ring "Hyphoic" {rCorr MP+9 Int-2
                  | Dex+5} (505 gold, have 100).
  1506 | D:1      | 1506 ||| SHOPLISTING ring of protection from fire (325
                  | gold, have 100).
  1506 | D:1      | 1506 ||| SHOPLISTING ring of willpower (325 gold, have
                  | 100).
  1723 | D:1      | 1723 ||| UPGRADING to +0 chain mail.
  1733 | D:1      | 1733 ||| DROPPING +0 scale mail.
  1734 | D:1      | 1734 ||| READING scroll labelled TUTHRE ODUNN.
  1735 | D:1      | 1735 ||| READING scroll labelled IQITHR BECRACIE.
  1735 | D:1      | Identified a scroll of acquirement
  1735 | D:1      | 1735 ||| ACQUIRING +0 kite shield of Eris Kal Ari {Int+7}
  1735 | D:1      | Acquired the +0 kite shield of Eris Kal Ari {Int+7}
  1737 | D:1      | 1737 ||| UPGRADING to +0 kite shield of Eris Kal Ari
                  | {Int+7}.
  1747 | D:1      | 1747 ||| DROPPING +0 buckler.
  1748 | D:1      | 1748 ||| READING scroll labelled HUNIOKHU HOTO.
  1749 | D:1      | 1749 ||| DRINKING 2 amethyst potions.
  1828 | D:2      | Reached XP level 4. HP: 28/28 MP: 4/4
  1901 | D:2      | 1901 ||| READING scroll of acquirement.
  1901 | D:2      | 1901 ||| ACQUIRING +1 helmet of see invisible
  1901 | D:2      | Acquired a +1 helmet of see invisible
  2309 | D:3      | 2309 ||| Stepping ~*~*~tactically~*~*~ (stealth).
  2315 | D:3      | 2315 ||| Stepping ~*~*~tactically~*~*~ (hiding).
  2322 | D:3      | 2322 ||| FLEEEEING.
  2554 | D:3      | 2554 ||| FLEEEEING.
  2555 | D:3      | 2555 ||| FLEEEEING.
  2556 | D:3      | 2556 ||| FLEEEEING.
  2563 | D:3      | 2563 ||| FLEEEEING.
  2564 | D:3      | 2564 ||| FLEEEEING.
  2565 | D:3      | 2565 ||| FLEEEEING.
  2577 | D:3      | Reached XP level 5. HP: 32/32 MP: 5/5
  2773 | D:3      | Noticed a dream sheep
  2773 | D:3      | Noticed a dream sheep
  2773 | D:3      | Noticed a dream sheep
  2773 | D:3      | Noticed a dream sheep
  2773 | D:3      | Noticed a dream sheep
  2773 | D:3      | Found a shimmering altar of Xom.
  2775 | D:3      | Killed a dream sheep
  2775 | D:3      | Killed by an exploding dream sheep... ignited by their
                  | inner flame

Levels and vault maps discovered:
D:1:      spicycebolla_arrival_ecumenical, layout_loops_cross, serial_shops,
          shop
D:2:      layout_basic
D:3:      layout_basic, kb_xom_exploding_sheep

Skill      XL: |  1  2  3  4 |
---------------+-------------+-----
Axes           | 2 3 4 |  4.1
Shields        | 4 |  4.7
Fighting       | |  3.2
Armour         | |  3.2

Action                     |  1- 3 |  4- 6 || total
---------------------------+-------+-------++-------
  Melee: War axe           |    89 |    73 ||   162
    Use: Scroll            |     7 |     1 ||     8
         Potion            |     1 |       ||     1
 Armour: Scale mail        |    42 |       ||    42
         Chain mail        |     4 |    46 ||    50
  Dodge: Dodged            |    34 |    18 ||    52
  Block: Buckler           |     8 |       ||     8
         Kite shield       |     1 |    23 ||    24

Table legend:
 A = Non-vault XP
 B = Vault XP
 C = Vault XP percentage of total XP
 D = Non-vault monster count
 E = Vault monster count
 F = Vault count percentage of total count
                 A         B        C        D         E       F
            +---------+---------+-------+---------+---------+-------
      Total |     288 |       0 |   0.0 |      60 |       0 |   0.0
            +---------+---------+-------+---------+---------+-------
        D:1 |      56 |       0 |   0.0 |      24 |       0 |   0.0
        D:2 |      29 |       0 |   0.0 |      17 |       0 |   0.0
        D:3 |     203 |       0 |   0.0 |      19 |       0 |   0.0
            +---------+---------+-------+---------+---------+-------
